 Dungeon Crawl Stone Soup version 0.18-a0-628-gc02dfad (webtiles) character file.

6189 M4edhros the Covert (level 10, -4/52 HPs)
             Began as an Octopode Artificer on Dec 4, 2015.
             Was a Priest of Fedhas.
             Killed from afar by a steam dragon (24 damage)
             ... with a ball of steam
             ... on level 10 of the Dungeon.
             The game lasted 00:24:41 (10895 turns).

M4edhros the Covert (Octopode Artificer)           Turns: 10895, Time: 00:24:42

Health: -4/52      AC:  1    Str: 16    XL:     10   Next: 91%
Magic:  16/16      EV: 16    Int: 15    God:    Fedhas [***...]
Gold:   450        SH:  0    Dex: 15    Spells: 0 memorised, 9 levels left

rFire  . . .     SeeInvis +     i - +2 hunting sling
rCold  . . .     Clarity  .     (no shield)
rNeg   . . .     SustAt   +     (helmet restricted)
rPois  .         Gourm    .     v - amulet of Ipnaplympe {Dismiss *Contam +Inv Str+4 Slay+2 SInv}
rElec  .         Spirit   .     f - +3 ring of slaying
rCorr  .         Dismiss  +     g - +3 ring of dexterity
rMut   .         Rnd*Tele +     l - ring of wizardry
MR     .....                    x - ring of stealth
Stlth  ++++++++..               E - ring of sustain attributes
                                (no ring)
                                (no ring)
                                (no ring)

@: not resistant to hostile enchantments, extraordinarily stealthy
A: almost no armour, amphibious, 8 rings, constrict 8, tentacle spike 1,
camouflage 2, deterioration 1, dopey 1, frail 1, regeneration 1, teleportitis 1,
gelatinous body 1
a: Evolution, Sunlight, Growth, Renounce Religion, Evoke Invisibility


You were on level 10 of the Dungeon.
You worshipped Fedhas.
Fedhas was most pleased with you.
You were not hungry.

You visited 2 branches of the dungeon, and saw 11 of its levels.
You also visited: Bailey.

You collected 450 gold pieces.

Inventory:

Hand Weapons
 a - a cursed +0 short sword
 i - a +2 hunting sling (weapon)
Missiles
 j - 319 stones (quivered)
 y - 8 sling bullets
 A - 5 throwing nets
 C - 7 sling bullets of flame
Jewellery
 f - a +3 ring of slaying (left tentacle)
 g - a +3 ring of dexterity (right tentacle)
 l - a ring of wizardry (on tentacle)
 u - an uncursed ring of ice
 v - the amulet of Ipnaplympe (around mantle) {Dismiss *Contam +Inv Str+4 Slay+2 SInv}
   (You found it on level 5 of the Dungeon)

   [amulet of dismissal]

   It may teleport away creatures that harm you.
   It affects your strength (+4).
   It affects your accuracy and damage with ranged weapons and melee attacks
   (+2).
   It lets you see invisible.
   It lets you turn invisible.
   It causes magical contamination when unequipped.
 x - a ring of stealth (on tentacle)
 E - a ring of sustain attributes (on tentacle)
Wands
 b - a wand of flame (8)
 c - a wand of enslavement (18)
 d - a wand of random effects (13)
 n - a wand of disintegration (15)
 p - a wand of lightning (0)
 s - a wand of random effects (9)
 z - a wand of magic darts (33)
 F - a wand of polymorph (1)
 J - a wand of paralysis (9)
 K - a wand of fireball (2)
 L - a wand of fire (5)
 M - a wand of frost (22)
Scrolls
 k - 2 scrolls of enchant armour
 m - 5 scrolls of remove curse
 o - 3 scrolls of teleportation
 q - 4 scrolls of identify
 w - 3 scrolls of recharging
 D - a scroll of fog
 I - a scroll of silence {unknown}
Potions
 r - 2 potions of curing
 B - a potion of haste
Comestibles
 e - 9 bread rations
 h - a royal jelly
 t - 12 fruits
 G - a beef jerky
 H - 7 slices of pizza


   Skills:
 - Level 1.0 Fighting
 - Level 1.0 Short Blades
 * Level 8.7 Slings
 + Level 6.4 Dodging
 + Level 10.3 Stealth
 + Level 6.6 Invocations
 + Level 8.8 Evocations


You had 9 spell levels left.
You didn't know any spells.

Dungeon Overview and Level Annotations

Branches:
Dungeon (10/15)            Temple (1/1) D:5             Orc (0/4) D:9
   Lair: D:8-11

Altars:
Ashenzari
Cheibriados
Dithmenos
Elyvilon
Fedhas
Gozag
Kikubaaqudgha
Makhleb
Nemelex Xobeh
Okawaru
Pakellas
Qazlal
Ru
Sif Muna
Trog
Vehumet
Xom
Yredelemnul
Zin
The Shining One

Annotations:
D:3 M4edhros's ghost, weakling OpAr


Innate Abilities, Weirdness & Mutations

You cannot wear most types of armour.
You are amphibious.
You can wear up to eight rings at the same time.
You can use your tentacles to constrict eight enemies at once.
Your skin blends seamlessly with your surroundings (Stealth).
Your rubbery body absorbs attacks (AC +1).
One of your tentacles bears a spike.
Your body sometimes deteriorates upon taking damage.
You are dopey. (Int -2)
You are frail (-10% HP).
Your natural rate of healing is unusually fast.
You are occasionally teleported next to monsters.


Message History

* * * LOW HITPOINT WARNING * * *
You are too injured to fight recklessly!
Firing (i - inventory. (,) - cycle):
j - 311 stones (quivered)
Press: ? - help, Shift-Dir - straight line, f/p - centaur skeleton
Aim: a centaur skeleton You shoot a stone.
The stone hits the centaur skeleton!
The centaur skeleton barely misses you.
Firing (i - inventory. (,) - cycle):
j - 310 stones (quivered)
Press: ? - help, Shift-Dir - straight line, f/p - centaur skeleton
Aim: a centaur skeleton You shoot a stone.
The stone hits the centaur skeleton!
You destroy the centaur skeleton!
j - 316 stones (gained 7)
j - 317 stones (gained 1)
j - 318 stones (gained 1)
j - 319 stones (gained 1)
The steam dragon breathes steam at you. The ball of steam hits you!
You die...
Fedhas appreciates your contribution to the ecosystem.

#f..# ##.#..##.# ..
#.### #.#####.### ...
#)# #....#....)
...####(## ####.#..###
.D)..(...#
###..#.#..### ##
...§)((..#
#....#.####.. .##
...(§(.(.#
#.#..#.#<#... ..####
(.#..§§.(#
#........#... .....# (
#####@#######.#.###)..
.....#
#....##...#.#.....
#....#
#.....#.#.....##..
####.#
##.......#..#####. #.#
#...##.......# ## #.#
#......##..#.# ## #.#
#....##.###...# .###.#
.....###.# #.###
.....# ###...# ### #.#


There were no monsters in sight!

Vanquished Creatures
  A cyclops (D:9)
  A hill giant (D:10)
  Grinder (D:3)
  A two-headed ogre (D:8)
  A human (D:7)
  Duvessa (D:7)
  2 sky beasts
  4 ogres
  A black bear (D:10)
  2 centaurs (D:6)
  2 phantoms
  3 gnoll sergeants
  2 giant frogs
  A big kobold (D:6)
  2 scorpions
  Dowan (D:7)
  3 wights (D:7)
  5 crimson imps
  5 hounds
  2 gnoll shamans (Bailey)
  2 orc wizards
  Crazy Yiuf (D:7)
  3 centaur skeletons
  4 iguanas
  2 giant frog skeletons
  3 orc priests
  3 worker ants
  4 sheep (D:7)
  A hound skeleton (D:4)
  15 gnolls
  13 adders
  A shadow imp (D:5)
  2 oozes
  A worm (D:2)
  An adder skeleton (D:4)
  4 giant geckos
  27 orcs
  4 bats
  2 giant cockroaches
  12 goblins
  3 hobgoblins
  5 jackals
  13 kobolds
  2 quokkas (D:6)
  4 ball pythons
  A giant gecko skeleton (D:6)
  3 giant newts
  A jackal zombie (D:5)
  9 rats
  A butterfly (D:5)
188 creatures vanquished.

Vanquished Creatures (collateral kills)
  Psyche (D:8)
  A hippogriff (D:8)
  A steam dragon (D:7)
  Edmund (D:5)
  A sky beast (D:7)
  An ogre (D:4)
  A wasp (D:10)
  A phantom (D:4)
  A big kobold (D:10)
  2 centaurs
  2 giant frogs
  7 gnoll sergeants
  A scorpion (D:7)
  2 jellies
  2 wights (D:7)
  A hound (D:7)
  4 gnoll shamans (Bailey)
  A quasit (D:7)
  2 worker ants
  A worker ant zombie (D:8)
  14 gnolls
  An adder (D:4)
  2 orcs (D:9)
  3 jackals (D:7)
  A kobold (D:10)
55 creatures vanquished.

Vanquished Creatures (others)
  A gnoll sergeant (Bailey)
  A killer bee zombie (D:6)
  A worker ant zombie (D:7)
  11 wandering mushrooms
  158 toadstools
172 creatures vanquished.

Grand Total: 415 creatures vanquished

Notes
Turn   | Place    | Note
--------------------------------------------------------------
     0 | D:1      | M4edhros the Octopode Artificer began the quest for the Orb.
     0 | D:1      | Reached XP level 1. HP: 13/13 MP: 3/3
     6 | D:1      | Noticed a swamp drake
     6 | D:1      | Noticed an anaconda
     6 | D:1      | Noticed a lindwurm
     6 | D:1      | Noticed a hound
     6 | D:1      | Noticed an iguana
   313 | D:2      | Reached XP level 2. HP: 11/18 MP: 4/4
   469 | D:2      | Reached skill level 4 in Evocations
   725 | D:2      | Reached XP level 3. HP: 10/23 MP: 6/6
  1108 | D:4      | Noticed a phantom
  1122 | D:4      | Killed a phantom
  1122 | D:4      | Reached XP level 4. HP: 21/28 MP: 7/7
  1266 | D:4      | Reached XP level 5. HP: 27/33 MP: 8/8
  1539 | D:4      | Noticed a phantom
  1563 | D:5      | Entered Level 5 of the Dungeon
  1563 | D:5      | Noticed Edmund
  1628 | D:5      | Found a staircase to the Ecumenical Temple.
  1643 | Temple   | Entered the Ecumenical Temple
  1675 | Temple   | Became a worshipper of Xom the Fickle
  1694 | Temple   | Fell from the grace of Xom
  1694 | Temple   | Became a worshipper of Fedhas Madash
  1955 | D:1      | Reached skill level 5 in Evocations
  2433 | D:2      | XOM: medium Summ miscast
  2434 | D:2      | Noticed a small abomination
  2444 | D:1      | XOM: summons 13 hostile demons
  2445 | D:1      | Noticed a neqoxec
  2445 | D:1      | Noticed a sixfirhy
  2445 | D:1      | Noticed a smoke demon
  2445 | D:1      | Noticed a chaos spawn
  2445 | D:1      | Noticed a hellwing
  2891 | D:2      | Gained mutation: Your natural rate of healing is unusually fast. [potion of beneficial mutation]
  2979 | D:2      | XOM: give mutations
  2979 | D:2      | Gained mutation: Scrolls take you a little longer to read. [Xom's mischief]
  2979 | D:2      | Gained mutation: You are frail (-10% HP). [Xom's mischief]
  2979 | D:2      | Lost mutation: Scrolls take you a little longer to read. [Xom's mischief]
  3056 | D:2      | XOM: give mutations
  3056 | D:2      | Gained mutation: Your body sometimes deteriorates upon taking damage. [Xom's mischief]
  3056 | D:2      | Lost mutation: Your body sometimes deteriorates upon taking damage. [Xom's mischief]
  3056 | D:2      | Gained mutation: You are resistant to hostile enchantments. [Xom's mischief]
  3056 | D:2      | Lost mutation: You are frail (-10% HP). [Xom's mischief]
  3363 | D:3      | Noticed M4edhros's ghost (weakling OpAr)
  3415 | D:3      | Reached skill level 5 in Stealth
  3568 | D:3      | Noticed Grinder
  3620 | D:3      | Found a faded altar to an unknown god.
  3637 | D:3      | Reached * piety under Fedhas
  3670 | D:3      | XOM: mild Chrm miscast
  3754 | D:3      | Killed Grinder
  3754 | D:3      | Reached skill level 1 in Slings
  3754 | D:3      | Reached skill level 1 in Invocations
  3754 | D:3      | Reached XP level 6. HP: 38/38 MP: 10/10
  4042 | D:4      | Reached skill level 6 in Stealth
  4042 | D:4      | Reached XP level 7. HP: 43/43 MP: 11/11
  4086 | D:4      | Found a sparkling altar of Nemelex Xobeh.
  4089 | D:4      | Found a burning altar of Makhleb.
  4092 | D:4      | Found a bloodstained altar of Trog.
  4116 | D:4      | XOM: noise
  4193 | D:4      | XOM: give mutations
  4193 | D:4      | Lost mutation: You are resistant to hostile enchantments. [Xom's mischief]
  4193 | D:4      | Lost mutation: Your natural rate of healing is unusually fast. [Xom's mischief]
  4193 | D:4      | Gained mutation: You are clumsy. (Dex -2) [Xom's mischief]
  4193 | D:4      | Gained mutation: Your body sometimes deteriorates upon taking damage. [Xom's mischief]
  4405 | D:4      | Found a basalt altar of Yredelemnul.
  4438 | D:4      | XOM: summons 2 hostile demons
  4848 | D:5      | Killed Edmund
  5146 | D:5      | Got a transparent brass amulet
  5147 | D:5      | Identified the amulet of Ipnaplympe {Dismiss *Contam +Inv Str+4 Slay+2 SInv} (You found it on level 5 of the Dungeon)
  5172 | D:5      | XOM: medium Fire miscast
  5535 | D:6      | Found a glowing silver altar of Zin.
  5630 | D:6      | Reached XP level 8. HP: 48/48 MP: 10/12
  5665 | D:6      | Found an oddly glowing altar of Pakellas.
  5698 | D:6      | Reached skill level 7 in Stealth
  6025 | D:6      | XOM: polymorph wandering mushroom -> wandering mushroom
  6058 | D:6      | Reached skill level 5 in Slings
  6061 | D:6      | Reached ** piety under Fedhas
  6097 | D:6      | Found an opulent altar of Gozag.
  6127 | D:6      | XOM: give mutations
  6127 | D:6      | Gained mutation: You are frail (-10% HP). [Xom's mischief]
  6127 | D:6      | Gained mutation: You tend to lose your temper in combat. [Xom's mischief]
  6127 | D:6      | Gained mutation: You are dopey. (Int -2) [Xom's mischief]
  6127 | D:6      | Lost mutation: You tend to lose your temper in combat. [Xom's mischief]
  6646 | D:7      | Found a shadowy altar of Dithmenos.
  6674 | D:7      | Reached XP level 9. HP: 44/47 MP: 14/14
  6684 | D:7      | Reached skill level 8 in Stealth
  6707 | D:7      | XOM: medium Hex miscast
  6742 | D:7      | Noticed Crazy Yiuf
  6751 | D:7      | Killed Crazy Yiuf
  6997 | D:7      | Lost mutation: You are clumsy. (Dex -2) [mutagenic meat]
  6998 | D:7      | Gained mutation: Your skin blends seamlessly with your surroundings (Stealth). [mutagenic meat]
  6999 | D:7      | Gained mutation: One of your tentacles bears a spike. [mutagenic meat]
  7000 | D:7      | Gained mutation: You are occasionally teleported next to monsters. [mutagenic meat]
  7001 | D:7      | Gained mutation: Your natural rate of healing is unusually fast. [mutagenic meat]
  7260 | D:7      | Noticed Dowan
  7269 | D:7      | Killed Dowan
  7303 | D:7      | Noticed Duvessa
  7606 | D:7      | Killed Duvessa
  7639 | D:7      | Reached skill level 9 in Stealth
  7653 | D:7      | Reached skill level 5 in Dodging
  7704 | D:7      | XOM: summons 1 hostile demon
  7997 | D:8      | Noticed Psyche
  8040 | D:8      | Found a flagged portal.
  8060 | Bailey   | Entered a bailey
  8161 | Bailey   | Reached skill level 5 in Invocations
  8300 | Bailey   | XOM: chaos upgrade
  8356 | Bailey   | Reached XP level 10. HP: 29/52 MP: 15/15
  8974 | D:8      | Killed Psyche
  9341 | D:8      | Reached *** piety under Fedhas
  9458 | D:8      | XOM: summons 3 hostile demons
  9842 | D:9      | Noticed a cyclops
  9941 | D:9      | Killed a cyclops
  9941 | D:9      | Reached skill level 10 in Stealth
 10117 | D:9      | Found a staircase to the Orcish Mines.
 10138 | D:9      | Found a radiant altar of Vehumet.
 10279 | D:9      | XOM: medium Air miscast
 10503 | D:10     | Entered Level 10 of the Dungeon
 10728 | D:10     | Noticed a hill giant
 10736 | D:10     | Killed a hill giant
 10895 | D:10     | Killed from afar by a steam dragon

Vault maps used:
D:1:      onia_arrival_zoo_common
D:3:      ecumenical_altar_2, uniq_grinder
D:4:      grunt_temple_overflow_diamond, yredelemnul_altar_generic
D:5:      minmay_temple_entry_butterflies, first_bread, minmay_holes,
          minmay_misc_feat_enclosed, uniq_edmund
D:6:      lemuel_crystal_altar, grunt_pakellas_salt, zin_statuary
D:7:      lemuel_crystal_altar, grunt_livestock, uniq_duvessa,
          uniq_crazy_yiuf_cottage
D:8:      lightli_bailey_entry_fortress, kennysheep_another_room, uniq_psyche
D:9:      overflow_temple_1_default, orc_0_dummy
Temple:   circular_temple_12
Bailey:   bailey_polearm_gnolls_kennysheep, bailey

Action                   |  1- 3 |  4- 6 |  7- 9 | 10-12 || total
-------------------------+-------+-------+-------+-------++-------
Melee: Short sword       |    36 |    18 |       |       ||    54
       Hunting sling     |       |     2 |     1 |       ||     3
 Fire: Hunting sling     |       |   131 |   538 |   268 ||   937
Invok: Evolution         |       |     1 |     8 |     2 ||    11
Evoke: Wand              |     6 |     3 |     6 |     3 ||    18
  Use: Scroll            |       |     9 |     6 |     2 ||    17
       Potion            |       |     1 |     7 |     2 ||    10
 Stab: Sleeping          |     9 |     4 |       |       ||    13
  Eat: Chunk             |       |     2 |     7 |       ||     9
       Meat ration       |       |     2 |     1 |       ||     3
       Pizza             |       |       |     1 |       ||     1
       Bread ration      |       |       |       |     2 ||     2
       Beef jerky        |       |       |       |     1 ||     1
